 Dungeon Crawl Stone Soup version 0.31-a0-150-g89dc3ad700 (webtiles) character file.

Game seed: 17480901289901724844

21260 Anon1729 the Fighter (level 12, -23/115 HPs)
             Began as a Minotaur Monk on June 8, 2023.
             Was the Champion of the Shining One.
             Annihilated by a very large slime creature (55 damage)
             ... on level 14 of the Dungeon.
             The game lasted 00:12:21 (13692 turns).

Anon1729 the Fighter (Minotaur Monk)               Turns: 13692, Time: 00:12:22

Health: -23/115    AC: 10    Str: 27    XL:     12   Next: 52%
Magic:  19/19      EV: 12    Int:  7    God:    the Shining One [******]
Gold:   443        SH:  0    Dex: 19    Spells: 11/11 levels left

rFire   + . .        W - +8 trident of the Octopus King {venom, rElec rPois}
rCold   + . .        (no shield)
rNeg    + + +        D - +0 scale mail {rC+}
rPois   +            Y - +0 hat "Abumytev" {rF+ rN+}
rElec   +            g - +0 cloak
rCorr   .            (no gloves)
SInv    .            (no boots)
Will    .....        m - amulet of faith Stlth
                     p - +6 ring of strength
HPRegen 0.39/turn    y - +6 ring of dexterity
MPRegen 0.16/turn

%: faith
@: glowing
A: horns 2, retaliatory headbutt
a: Renounce Religion, Divine Shield, Cleansing Flame, Summon Divine Warrior,
Brand Weapon With Holy Wrath


You were on level 14 of the Dungeon.
You worshipped the Shining One.
The Shining One was exalted by your worship.
You visited 1 branch of the dungeon, and saw 14 of its levels.

You collected 987 gold pieces.
You spent 544 gold pieces at shops.

Inventory:

Hand Weapons
 a - a +0 spear
 r - a +3 spear
 W - the +8 trident of the Octopus King (weapon) {venom, rElec rPois}
   (You found it on level 11 of the Dungeon)

   rElec:     It insulates you from electricity.
   rPois:     It protects you from poison.
Armour
 d - an orb of light
 g - a +0 cloak (worn)
 D - a +0 scale mail of cold resistance (worn)
 Y - the +0 hat "Abumytev" (worn) {rF+ rN+}
   (You bought it in a shop on level 12 of the Dungeon)

   rF:        It protects you from fire.
   rN:        It protects you from negative energy.
Jewellery
 m - an amulet of faith (around neck)
 p - a +6 ring of strength (left hand)
 x - a ring of poison resistance
 y - a +6 ring of dexterity (right hand)
 B - an amulet of magic regeneration
 E - a ring of resist corrosion
 F - a ring of willpower
 O - a ring of fire
 R - a ring of fire
 T - a +4 ring of protection
 U - a ring of willpower
 V - a ring of protection from fire
Wands
 u - a wand of acid (6)
 P - a wand of iceblast (6)
 Q - a wand of flame (13)
 S - a wand of digging (4)
Scrolls
 b - 3 scrolls of amnesia
 e - 5 scrolls of teleportation
 h - 2 scrolls of vulnerability {unknown}
 i - 3 scrolls of magic mapping
 l - 3 scrolls of blinking
 q - 3 scrolls of noise
 s - 3 scrolls of enchant weapon
 t - 3 scrolls of fear
 v - 2 scrolls of torment {unknown}
 A - 2 scrolls of fog
 I - 2 scrolls of enchant armour
 K - 2 scrolls of brand weapon {unknown}
 L - a scroll of silence {unknown}
 M - a scroll of poison {unknown}
 N - 4 scrolls of identify
Potions
 c - 2 potions of ambrosia
 f - 3 potions of curing
 j - a potion of haste {unknown}
 k - a potion of heal wounds
 n - 4 potions of mutation {unknown}
 o - 4 potions of lignification
 w - 2 potions of degeneration {unknown}
 z - 2 potions of magic {unknown}
 C - 2 potions of attraction {unknown}
 G - a potion of cancellation {unknown}
 H - a potion of enlightenment {unknown}
 J - a potion of berserk rage {unknown}
 X - a potion of might {unknown}


   Skills:
 + Level 13.1 Fighting
 + Level 13.0 Polearms
 + Level 12.2 Armour
 - Level 3.8 Dodging
 * Level 10.8 Invocations


You had 11 spell levels left.
You didn't know any spells.
Your spell library contained the following spells:

 Spells                   Type           Power      Damage    Failure   Level
 Static Discharge         Conj/Air       0%         2-2/arc   78%         2
 Vhi's Electric Charge    Tloc/Air       0%         N/A       95%         3
 Airstrike                Air            0%         2d(0-16)  100%        4
 Animate Dead             Necr           0%         N/A       100%        4
 Summon Lightning Spire   Summ/Air       0%         N/A       100%        4
 Arcjolt                  Conj/Air       0%         1d10      100%        5
 Spellforged Servitor     Conj/Summ      0%         N/A       100%        7
 Maxwell's Capacitive Co  Air            0%         ∞         100%        8
 Death's Door             Necr           0%         N/A       100%        9


Dungeon Overview and Level Annotations

Branches:
Dungeon (14/15)            Temple (0/1) D:7            Lair (0/5) D:8
    Orc (0/2) D:10         Vaults (0/5) D:13

Altars:
Elyvilon
Fedhas
Gozag
Hepliaklqana
Ru
Wu Jian
Yredelemnul
The Shining One

Shops:
D:5 ?   D:12 [

Annotations:
D:5 1 runed translucent door, Crazy Yiuf


Innate Abilities, Weirdness & Mutations

You have a pair of horns on your head.
You reflexively headbutt those who attack you in melee.


Message History

The large slime creature is lightly wounded.
You impale the large slime creature!!
The large slime creature is lightly wounded.
You impale the large slime creature!!
The large slime creature is moderately wounded.
The large slime creature hits you.
You impale the large slime creature!! You headbutt the large slime creature.
The large slime creature is heavily wounded.
You impale the large slime creature!!
The large slime creature is severely wounded.
The large slime creature hits you!!
You puncture the large slime creature!
The large slime creature is poisoned.
You headbutt the large slime creature.
The large slime creature is severely wounded.
Two slime creatures merge to form a very large slime creature.
You impale the very large slime creature!!
The very large slime creature is severely wounded.
You hit the very large slime creature.
The very large slime creature is severely wounded.
You hit the very large slime creature but do no damage.
The very large slime creature is severely wounded.
The very large slime creature hits you!!!
You are too injured to fight recklessly!
You are too injured to fight recklessly!
You are too injured to fight recklessly!
You are too injured to fight recklessly!
You puncture the very large slime creature!
The very large slime creature is severely wounded.
You impale the very large slime creature!!
The very large slime creature is almost dead.
The very large slime creature hits you!
* * * LOW HITPOINT WARNING * * *
You puncture the very large slime creature!
The very large slime creature looks as sick as possible!
The very large slime creature is almost dead.
You hit the very large slime creature.
You headbutt the very large slime creature!
The very large slime creature is almost dead.
The very large slime creature hits you!!!
You die...

#######.#
#.########
#.#......#
#.#.####.#
#.#.# #.#
#.#.# #.#
#### #.#.#
#.# .....
#.#.#
#.###.....#
#.#.#
#..@J.....#
#...#
#####.....#
##### ...##
###


You could see a very large slime creature (extremely poisoned).

Vanquished Creatures
  Gastronok (D:8)
  Josephine (D:11)
  A hydra (D:10)
  5 two-headed ogres
  A centaur warrior (D:10)
  A boulder beetle (D:10)
  4 ugly things
  3 cyclopes
  3 manticores
  A gargoyle (D:10)
  Psyche (D:11)
  A kobold demonologist (D:10)
  5 komodo dragons
  An unseen horror (D:11)
  2 trolls
  Prince Ribbit (D:5)
  A slime creature (D:6)
  4 yaks
  A shadow (D:12)
  6 wraiths
  Eustachio (D:5)
  3 wyverns
  A basilisk (D:8)
  5 vampire mosquitoes
  2 steam dragons
  An acid dragon (D:9)
  2 water moccasins
  6 orc warriors
  5 centaurs
  8 kobold brigands
  2 bullfrogs
  A gnoll sergeant (D:10)
  3 scorpions
  16 wights
  8 killer bees
  3 howler monkeys
  2 gnoll boudas (D:7)
  8 orc priests
  4 hounds
  6 jellies (D:6)
  Jessica (D:2)
  Natasha (D:3)
  4 iguanas
  Terence (D:3)
  8 orc wizards
  13 gnolls
  11 adders
  2 shadow imps
  A white imp (D:6)
  An ufetubus (D:6)
  3 dart slugs
  32 orcs
  5 ball pythons
  12 endoplasms
  3 giant cockroaches
  5 goblins
  6 hobgoblins
  9 jackals
  26 kobolds
  4 quokkas
  3 bats
  2 frilled lizards
  2 rats (D:1)
286 creatures vanquished.

Notes
Turn   | Place    | Note
-------+----------+-------------------------------------------
     0 | D:1      | Anon1729 the Minotaur Monk began the quest for the Orb.
     0 | D:1      | Reached XP level 1. HP: 19/19 MP: 0/0
   215 | D:1      | Reached XP level 2. HP: 27/27 MP: 1/1
   816 | D:2      | Found a faded altar of an unknown god.
   832 | D:2      | Prayed at the altar of an unknown god.
   832 | D:2      | Became a worshipper of the Shining One
   832 | D:2      | Reached * piety under the Shining One
   832 | D:2      | Reached ** piety under the Shining One
   896 | D:2      | Reached XP level 3. HP: 32/33 MP: 2/2
  1208 | D:2      | Reached skill level 1 in Armour
  1279 | D:2      | Noticed Jessica
  1279 | D:2      | Reached *** piety under the Shining One
  1283 | D:2      | Killed Jessica
  1284 | D:2      | Reached XP level 4. HP: 41/41 MP: 3/3
  1538 | D:3      | Noticed Natasha
  1549 | D:3      | Killed Natasha
  1550 | D:3      | Reached skill level 5 in Fighting
  1550 | D:3      | Reached XP level 5. HP: 34/48 MP: 4/4
  1631 | D:3      | Reached skill level 5 in Polearms
  1962 | D:3      | Noticed Terence
  1966 | D:3      | Killed Terence
  2188 | D:4      | Reached XP level 6. HP: 56/56 MP: 5/5
  2687 | D:5      | Entered Level 5 of the Dungeon
  2698 | D:5      | Reached XP level 7. HP: 39/63 MP: 6/6
  2980 | D:5      | Noticed Prince Ribbit
  2986 | D:5      | Killed Prince Ribbit
  2987 | D:5      | Reached skill level 5 in Armour
  3050 | D:5      | Noticed Eustachio
  3141 | D:5      | Killed Eustachio
  3265 | D:5      | Reached **** piety under the Shining One
  3275 | D:5      | Reached XP level 8. HP: 73/73 MP: 7/7
  3311 | D:5      | Found a runed translucent door.
  3312 | D:5      | Noticed Crazy Yiuf
  3394 | D:5      | Found Joatau's Magic Scroll Shoppe.
  3403 | D:5      | Bought a scroll of teleportation for 45 gold pieces
  3403 | D:5      | Bought a scroll of identify for 30 gold pieces
  3403 | D:5      | Bought a scroll of fog for 60 gold pieces
  3403 | D:5      | Bought a scroll of enchant armour for 112 gold pieces
  4525 | D:6      | Found a glowing golden altar of the Shining One.
  4623 | D:6      | Found a white marble altar of Elyvilon.
  4876 | D:6      | Reached XP level 9. HP: 58/83 MP: 8/8
  5243 | D:7      | HP: 4/84 [orc warrior/bolt of acid (7)]
  5253 | D:7      | Reached skill level 1 in Invocations
  5471 | D:7      | Found a staircase to the Ecumenical Temple.
  5954 | D:7      | Found a hazy altar of Hepliaklqana.
  6086 | D:7      | Found an ornate altar of the Wu Jian Council.
  6262 | D:8      | Reached ***** piety under the Shining One
  6288 | D:8      | Reached skill level 10 in Fighting
  6326 | D:8      | Found a blossoming altar of Fedhas.
  6408 | D:8      | Reached skill level 10 in Polearms
  6442 | D:8      | Noticed Gastronok
  6460 | D:8      | Killed Gastronok
  6461 | D:8      | Reached XP level 10. HP: 55/94 MP: 10/12
  6578 | D:8      | Found a basalt altar of Yredelemnul.
  6637 | D:8      | Reached skill level 5 in Invocations
  6940 | D:8      | Found a staircase to the Lair.
  7783 | D:9      | Reached skill level 10 in Armour
  7832 | D:9      | Noticed a two-headed ogre
  7844 | D:9      | Killed a two-headed ogre
  8120 | D:9      | Noticed a two-headed ogre
  8128 | D:9      | Killed a two-headed ogre
  8129 | D:9      | Reached XP level 11. HP: 82/102 MP: 15/15
  8806 | D:10     | Entered Level 10 of the Dungeon
  8811 | D:10     | Noticed a six-headed hydra
  8822 | D:10     | Killed a six-headed hydra
  9507 | D:10     | You fall into a shaft and drop 3 floors!
  9572 | D:13     | Found a gate to the Vaults.
  9572 | D:13     | Noticed a vault guard
  9572 | D:13     | Noticed a vault guard
  9572 | D:13     | Noticed a vault guard
  9572 | D:13     | Noticed a centaur warrior
  9572 | D:13     | Noticed a vault guard
  9572 | D:13     | Noticed a boulder beetle
  9572 | D:13     | Noticed a boulder beetle
  9572 | D:13     | Noticed a two-headed ogre
  9718 | D:12     | Noticed a purple ugly thing
  9745 | D:12     | Found Usecaoq's Antique Armour Boutique.
  9758 | D:12     | Noticed a red ugly thing
  9996 | D:11     | Got Gucres's Papyrus of the Lethal Union
  9998 | D:11     | Reached ****** piety under the Shining One
 10232 | D:11     | Noticed Psyche
 10233 | D:11     | Noticed Josephine
 10429 | D:10     | Noticed a boulder beetle
 10470 | D:10     | Killed a boulder beetle
 10616 | D:10     | Noticed a centaur warrior
 10633 | D:10     | Killed a centaur warrior
 10782 | D:10     | Found a staircase to the Orcish Mines.
 11059 | D:10     | Found a sacrificial altar of Ru.
 11065 | D:10     | Noticed a two-headed ogre
 11076 | D:10     | Killed a two-headed ogre
 11845 | D:10     | Found an opulent altar of Gozag.
 11896 | D:10     | Reached XP level 12. HP: 110/113 MP: 18/18
 12182 | D:11     | Found the +8 trident of the Octopus King {venom, rElec
                  | rPois}
 12348 | D:11     | Noticed a two-headed ogre
 12355 | D:11     | Killed a two-headed ogre
 12356 | D:11     | Reached skill level 10 in Invocations
 12612 | D:11     | Killed Josephine
 12693 | D:11     | Killed Psyche
 13224 | D:12     | Bought a crude hat for 297 gold pieces
 13224 | D:12     | Identified the +0 hat "Abumytev" {rF+ rN+} (You bought it
                  | in a shop on level 12 of the Dungeon)
 13261 | D:12     | Noticed a two-headed ogre
 13269 | D:12     | Killed a two-headed ogre
 13692 | D:14     | Annihilated by a very large slime creature

Illustrated notes

Levels and vault maps discovered:
D:1:      heliophobic_arrival_dark_side_of_the_moon, layout_basic
D:2:      layout_loops_cross, chequers_ecumenical_altar_simple,
          nicolae_figureground_sparkle, uniq_jessica
D:3:      layout_basic, kennysheep_generic_room_3, uniq_natasha, uniq_terence
D:4:      minmay_opposing_rooms, layout_cave_pools
D:5:      layout_rooms, serial_shops, nicolae_lakefront_shop, uniq_eustachio,
          uniq_prince_ribbit1, uniq_crazy_yiuf_cottage
D:6:      cheibrodos_fertilizer, layout_loops_corners,
          mainiacjoe_overflow_big_doors
D:7:      layout_rooms, mainiacjoe_overflow_alcove_1, kennysheep_mini,
          minmay_temple_entry_arrows
D:8:      layout_loops_ring, old_standard_altar, fedhas_altar_4,
          erik_lair_dragon, uniq_gastronok
D:9:      layout_roguey
D:10:     minmay_ornate_pinched, layout_layer_cave, hangedman_ru_absence,
          lemuel_doored_altar
D:11:     layout_basic, uniq_psyche, uniq_josephine
D:12:     layout_big_octagon, serial_shops, shop
D:13:     layout_basic, lightli_vaults_fourway_checkpoint, nzn_random_ring
D:14:     layout_loops_ring, nicolae_wooded_promenade, uniq_agnes

Skill      XL: |  1  2  3  4  5  6  7  8  9 10 11 12 |
---------------+-------------------------------------+-----
Fighting       | 4 5 6 7 9 10 11 12 13 | 13.1
Polearms       | 4 5 6 7 8 10 11 12 13 | 13.0
Armour         | 1 2 3 4 5 7 9 10 11 12 | 12.2
Invocations    | 4 7 9 10 | 10.8
Dodging        | |  3.8

Action                     |  1- 3 |  4- 6 |  7- 9 | 10-12 || total
---------------------------+-------+-------+-------+-------++-------
  Melee: Spear             |    55 |   122 |   363 |   471 ||  1011
         Headbutt          |    12 |    25 |    71 |   146 ||   254
         Punch             |       |       |     2 |     3 ||     5
         Trident           |       |       |       |   108 ||   108
  Evoke: Wand              |       |       |       |     6 ||     6
    Use: Scroll            |       |       |     6 |     1 ||     7
         Potion            |       |       |     5 |     5 ||    10
 Armour: Robe              |     5 |       |       |       ||     5
         Scale mail        |       |    31 |    76 |    88 ||   195
         Skin              |       |       |       |     9 ||     9
  Dodge: Dodged            |    25 |    53 |   137 |   177 ||   392

Table legend: (Time is in decaauts)
 A = Elapsed time spent in this place.
 B = Non-inter-level travel time spent in this place.
 C = Inter-level travel time spent in this place.
 D = Time resting spent in this place.
 E = Time spent auto-exploring this place.
 F = Levels seen in this place.
 G = Mean time per level.
                   A        B        C        D        E       F      G
               +--------+--------+--------+--------+--------+-----+--------+
         Total |  13335 |  12978 |    357 |   1528 |   9801 |  14 |  952.5 |
       Dungeon |  13335 |  12978 |    357 |   1528 |   9801 |  14 |  952.5 |
               +--------+--------+--------+--------+--------+-----+--------+

Top non-repeatable levels by time:
    D:10: 2339 daAuts
     D:8: 1371 daAuts
     D:9: 1365 daAuts
     D:6: 1346 daAuts
    D:11: 1175 daAuts
     D:7: 978 daAuts
     D:5: 856 daAuts
     D:1: 812 daAuts
     D:3: 743 daAuts
     D:4: 683 daAuts
    D:12: 683 daAuts
     D:2: 645 daAuts
    D:14: 245 daAuts
    D:13: 88 daAuts
